 Dungeon Crawl Stone Soup version 0.26.1-11-gd32895ea62 (webtiles) character file.

Game seed: 8645160469855752605

805 Zeld the Cudgeller (level 7, -2/46 HPs)
             Began as an Octopode Monk on May 14, 2021.
             Was a Believer of Makhleb.
             Slain by an orc
             ... wielding a +0 flail
              (8 damage)
             ... on level 5 of the Dungeon.
             The game lasted 00:11:12 (6559 turns).

Zeld the Cudgeller (Octopode Monk)                  Turns: 6559, Time: 00:11:13

Health: -2/46      AC:  3    Str: 12    XL:     7   Next: 91%
Magic:  13/13      EV: 14    Int: 13    God:    Makhleb [**....]
Gold:   254        SH:  0    Dex: 14    Spells: 14/14 levels left

rFire    . . .     SeeInvis .   a - +0 mace
rCold    . . .     Faith    .   (no shield)
rNeg     . . .     Spirit   .   (helmet restricted)
rPois    +         Reflect  .   (no amulet)
rElec    .         Harm     .   o - ring of resist corrosion
rCorr    +         Rampage  .   (no ring)
Will     .....                  (no ring)
Stlth    +++.......             (no ring)
HPRegen  0.15/turn              (no ring)
MPRegen  0.13/turn              (no ring)
                                (no ring)
                                (no ring)

@: no status effects
A: almost no armour, stealthy swim, amphibious, 8 rings, constrict 8, iridescent
scales 1, camouflage 1, poison resistance, gelatinous body 1
a: Renounce Religion, Minor Destruction


You were on level 5 of the Dungeon.
You worshipped Makhleb.
Makhleb was pleased with you.
You visited 2 branches of the dungeon, and saw 6 of its levels.

You collected 254 gold pieces.

Inventory:

Hand Weapons
 a - a +0 mace (weapon)
Missiles
 g - 21 poisoned darts (quivered)
 p - 3 boomerangs
Jewellery
 b - a cursed -4 ring of dexterity {unknown}
 e - a +6 ring of intelligence {unknown}
 f - an uncursed amulet of magic regeneration {unknown}
 n - an uncursed amulet of faith {unknown}
 o - a ring of resist corrosion (left tentacle)
Scrolls
 c - 8 scrolls of remove curse
 d - 2 scrolls of identify {unknown}
 k - a scroll of enchant weapon {unknown}
 l - 2 scrolls of magic mapping {unknown}
 m - 2 scrolls of noise {unknown}
 q - a scroll of blinking {unknown}
 s - a scroll of fog {unknown}
Potions
 h - a potion of mutation
 i - 2 potions of degeneration {unknown}
 j - 2 potions of might {unknown}
 r - a potion of curing {unknown}


   Skills:
 - Level 3.0 Fighting
 * Level 7.6 Maces & Flails
 - Level 3.0 Dodging
 - Level 2.6 Stealth
 + Level 4.2 Spellcasting


You had 14 spell levels left.
You didn't know any spells.
Your spell library contained the following spells:

 Spells                   Type           Power        Failure   Level
 Corona                   Hex            2%           21%         1
 Ensorcelled Hibernation  Hex/Ice        4%           30%         2
 Confusing Touch          Hex            2%           52%         3
 Dazzling Flash           Conj/Hex       4%           52%         3
 Tukima's Dance           Hex            2%           52%         3


Dungeon Overview and Level Annotations

Branches:
Dungeon (5/15)             Temple (1/1) D:5

Altars:
Ashenzari
Cheibriados
Dithmenos
Elyvilon
Fedhas
Gozag
Hepliaklqana
Kikubaaqudgha
Makhleb
Nemelex Xobeh
Okawaru
Qazlal
Ru
Sif Muna
Trog
Uskayaw
Vehumet
Wu Jian
Xom
Yredelemnul
Zin
The Shining One

Annotations:
D:4 1 runed translucent door, jifgo's ghost, amateur DEFE


Innate Abilities, Weirdness & Mutations

You cannot wear most types of armour.
You are very stealthy in the water. (Stealth+)
You are amphibious.
You can wear up to eight rings at the same time.
You can use your tentacles to constrict eight enemies at once.
Your skin changes colour to match your surroundings (Stealth+).
Your rubbery body absorbs attacks. (AC +1, EV +1)
You are partially covered in iridescent scales. (AC +2)
Your system is resistant to poisons. (rPois)


Message History

You feel better.
The river rat twitches its whiskers.
The quokka completely misses you. The orc closely misses you.
Items here: $ ( )) †.
You hit the quokka.
You kill the quokka!
Makhleb accepts your kill.
You feel better. The orc hits you with a +0 flail!
* * * LOW HITPOINT WARNING * * *
You closely miss the orc. You grab the orc. You constrict the orc.
The orc hits you with a +0 hand axe.
* * * LOW HITPOINT WARNING * * *
The orc barely misses you.
Unknown command.
It was a potion of mutation.
You feel extremely strange.
You feel resistant to poisons.
Iridescent scales grow over part of your body.
You constrict the orc. The orc barely misses you.
The orc hits you with a +0 flail!
You die...

# #. . .####
.# . .
..#.##S .#
##### ..
#.#r.##.#
....# #.
#ror#.#
##### #.##
#orr.# ....#
#..###r#.#.#
.####
#Zo#o##.#.#
.# #@.##..#
## ####.###
#.## ##.##
#.#.## #####
##.#.# ....#
##.## #####
#.# ### ..##
#.# #.#


You could see an adder (wandering), 3 river rats, 4 orcs, a leopard gecko zombie
and 2 rats.

Vanquished Creatures
  A sky beast (D:5)
  A necrophage (D:5)
  A howler monkey (D:4)
  A bullfrog zombie (D:5)
  2 hounds (D:4)
  Crazy Yiuf (D:2)
  An orc wizard (D:5)
  2 bullfrog skeletons (D:5)
  Jessica (D:2)
  2 iguanas
  4 worker ants
  A hound zombie (D:5)
  A hound skeleton (D:2)
  6 adders
  An ufetubus (D:5)
  An ooze (D:2)
  2 dart slugs
  2 worms
  3 leopard geckos
  13 orcs
  7 giant cockroaches
  8 goblins
  6 hobgoblins
  3 jackals (D:4)
  3 quokkas (D:5)
  2 ball pythons
  13 bats
  5 frilled lizards
  8 kobolds
  A quokka skeleton (D:4)
  9 rats
112 creatures vanquished.

Vanquished Creatures (others)
  2 withered plants (D:4)
2 creatures vanquished.

Grand Total: 114 creatures vanquished

Notes
Turn   | Place    | Note
-------+----------+-------------------------------------------
     0 | D:1      | Zeld the Octopode Monk began the quest for the Orb.
     0 | D:1      | Reached XP level 1. HP: 16/16 MP: 1/1
    73 | D:1      | Reached XP level 2. HP: 18/21 MP: 2/2
   476 | D:1      | Reached skill level 1 in Spellcasting
   613 | D:1      | Reached XP level 3. HP: 26/26 MP: 4/4
  1033 | D:2      | Reached skill level 4 in Maces & Flails
  1259 | D:2      | Reached XP level 4. HP: 9/31 MP: 6/6
  1687 | D:2      | Noticed Jessica
  1700 | D:2      | Killed Jessica
  1820 | D:2      | Found a runed translucent door.
  1821 | D:2      | Noticed Crazy Yiuf
  1854 | D:2      | Found a faded altar of an unknown god.
  1854 | D:2      | Found a faded altar of an unknown god.
  1862 | D:2      | Found a sparkling altar of Nemelex Xobeh.
  1864 | D:2      | Found a hazy altar of Hepliaklqana.
  1865 | D:2      | Found a broken altar of Ashenzari.
  2091 | D:2      | Reached XP level 5. HP: 18/36 MP: 8/8
  2235 | D:2      | Found a faded altar of an unknown god.
  2368 | D:2      | Killed Crazy Yiuf
  2369 | D:2      | Reached skill level 5 in Maces & Flails
  3429 | D:3      | Reached XP level 6. HP: 12/42 MP: 8/10
  4109 | D:4      | Reached skill level 6 in Maces & Flails
  4303 | D:4      | Found a runed translucent door.
  4303 | D:4      | Noticed jifgo's ghost (amateur DEFE)
  5062 | D:5      | Entered Level 5 of the Dungeon
  5202 | D:5      | Noticed a phantom
  5311 | D:5      | Noticed a necrophage
  5319 | D:5      | Killed a necrophage
  5320 | D:5      | Reached XP level 7. HP: 46/46 MP: 10/12
  5421 | D:5      | Found a staircase to the Ecumenical Temple.
  5481 | Temple   | Entered the Ecumenical Temple
  5605 | Temple   | Became a worshipper of Makhleb the Destroyer
  5605 | Temple   | Reached * piety under Makhleb
  5605 | Temple   | Reached ** piety under Makhleb
  5811 | D:5      | Reached skill level 7 in Maces & Flails
  6167 | D:5      | Found an ornate altar of the Wu Jian Council.
  6559 | D:5      | Gained mutation: Your system is resistant to poisons.
                  | (rPois) [potion of mutation]
  6559 | D:5      | Gained mutation: You are partially covered in iridescent
                  | scales. (AC +2) [potion of mutation]
  6559 | D:5      | Slain by an orc

Illustrated notes

Levels and vault maps discovered:
D:1:      wander_arrival_lonely_grave, layout_basic,
          minmay_misc_feat_more_columns
D:2:      layout_basic, chequers_temple_overflow_minitemple,
          chequers_ecumenical_altar_island, uniq_crazy_yiuf_cottage,
          uniq_jessica
D:3:      layout_rooms
D:4:      layout_cave_pods, gammafunk_ghost_grave, minmay_door_square
D:5:      lemuel_ratsnest, layout_loops_ring, nzn_wu_jian_contemplation,
          minmay_temple_entry_glassed_door
Temple:   dpeg_five_rooms_temple

Skill      XL: |  1  2  3  4  5  6  7 |
---------------+----------------------+-----
Spellcasting   | 1 2 3 4 |  4.2
Maces & Flails | 4 5 6 7 |  7.6
Fighting       | |  3.0
Dodging        | |  3.0
Stealth        | |  2.6

Action                   |  1- 3 |  4- 6 |  7- 9 || total
-------------------------+-------+-------+-------++-------
Melee: Mace              |    71 |   148 |    71 ||   290
       Constrict         |    23 |    37 |    18 ||    78
       Tentacles         |     9 |    27 |    14 ||    50
 Fire: Hunting sling     |     6 |       |       ||     6
Throw: Stone             |     2 |       |       ||     2
       Dart              |       |       |     5 ||     5
Invok: Minor Destruction |       |       |     1 ||     1
  Use: Scroll            |       |       |     1 ||     1
       Potion            |       |       |     1 ||     1
 Stab: Sleeping          |     8 |     8 |     6 ||    22
Armor: Skin              |    12 |    13 |     7 ||    32
Dodge: Dodged            |    63 |   141 |    52 ||   256
